 Dungeon Crawl Stone Soup version 0.23.0-3-gf3c87f2df8 (webtiles) character file.

Game seed: 780619726304211469

125 Sondor the Slasher (level 4, -5/33 HPs)
             Began as a Demonspawn Chaos Knight on Feb 24, 2019.
             Was a Plaything of Xom.
             Slain by a troll (shapeshifter) (13 damage)
             ... on level 3 of the Dungeon.
             The game lasted 00:02:15 (2248 turns).

Sondor the Slasher (Demonspawn Chaos Knight)        Turns: 2248, Time: 00:02:16

Health: -5/33      AC:  5    Str: 13    XL:     4   Next: 82%
Magic:  4/4        EV: 11    Int: 14    God:    Xom [....*.]
Gold:   170        SH:  7    Dex: 12    Spells: 3/3 levels left

rFire    . . .     SeeInvis .   a - +0 falchion (chaos)
rCold    . . .     Gourm    .   m - +0 buckler
rNeg     . . .     Faith    .   b - +2 leather armour
rPois    .         Spirit   .   (helmet restricted)
rElec    .         Reflect  .   (no cloak)
rCorr    .         Harm     .   (no gloves)
MR       .....                  (no boots)
Stlth    +.........             (no amulet)
HPRegen  0.11/turn              i - ring of wizardry
MPRegen  0.09/turn              (no ring)

@: no status effects
A: horns 1, large bone plates 1, blurry vision 1, frail 1, mutation resistance
1, screaming 1
a: Renounce Religion


You were on level 3 of the Dungeon.
You worshipped Xom.
You were a beloved toy of Xom.
You were not hungry.

You visited 1 branch of the dungeon, and saw 3 of its levels.

You collected 170 gold pieces.

Inventory:

Hand Weapons
 a - a +0 falchion of chaos (weapon)
Armour
 b - a +2 leather armour (worn)
 m - a +0 buckler (worn)
Jewellery
 i - a ring of wizardry (left hand)
 j - an uncursed amulet of the acrobat {unknown}
Scrolls
 e - a scroll of magic mapping
 g - a scroll of fear
 l - 4 scrolls of teleportation
 n - a scroll of enchant weapon {unknown}
 o - a scroll of blinking {unknown}
Potions
 d - a potion of brilliance {unknown}
 f - 2 potions of curing {unknown}
 h - a potion of lignification {unknown}
 k - a potion of haste {unknown}
Comestibles
 c - 9 rations


   Skills:
 + Level 3.6 Fighting
 + Level 3.9 Long Blades
 + Level 2.4 Armour
 + Level 1.6 Dodging
 + Level 0.5 Stealth
 + Level 0.1 Shields


You had 3 spell levels left.
You didn't know any spells.
Your spell library contained the following spells:

 Spells                   Type           Power        Failure   Level  Hunger
 Animate Skeleton         Necr           N/A          24%         1    ##.....
 Apportation              Tloc           #.....       24%         1    ##.....
 Confusing Touch          Hex            #.....       24%         1    ##.....
 Summon Small Mammal      Summ           #...         24%         1    ##.....


Dungeon Overview and Level Annotations

Branches:
Dungeon (3/15)

Altars:
Makhleb
Trog


Innate Abilities, Weirdness & Mutations

You have a pair of small horns on your head.
You are partially covered in large bone plates. (SH +4)
Scrolls take you a little longer to read.
You are frail. (-10% HP)
You are somewhat resistant to further mutation.
You occasionally shout uncontrollably at your foes.


Message History

The ball python barely misses you. You block the ball python's attack.
You hit the ball python.
The ball python is poisoned.
The ball python is heavily wounded.
The ball python closely misses you. You block the ball python's attack.
You block the ooze's attack.
You hit the ball python.
The ball python changes into a shapeshifter!
The shapeshifter is lightly wounded.
The shapeshifter changes into a troll!
The ooze hits you but does no damage.
You closely miss the troll. Your headbutt misses the troll.
You block the ooze's attack. You block the troll's attack. The troll claws you.
The troll claws you!
You are too injured to fight recklessly!
You are too injured to fight recklessly!
The ooze hits you but does no damage.
You hit the troll but do no damage.
The troll is poisoned.
The troll bites you!
* * * LOW HITPOINT WARNING * * *
The troll claws you!
You die...
Xom chortles!

##.## #.####### # #.#.#
###########.......# # ####.###
#?....#........##.####
#......###.....#.###.#..##.....
#........#.....# #............
#..#.#.#.#.....# #..#.#.#.....
#..#...#.#....J#.##..#.#.#.##.#
#..##..#.#####T#...........##.#
#..##..#.# #@####.####.####.#
#........#####.# #.# #.# #.#
##.............####.####.# #.#
#(##.##..####...........# #..
#)##.##..####......###########
#.##.......##..######......###
#.#####..#.....# #.####.#..
#.............## #.####.#.#
############### #.#......#


You could see a troll shaped shifter and an ooze.

Vanquished Creatures
  A hound (D:2)
  An adder (D:3)
  An ooze (D:3)
  2 worms
  3 dart slugs
  A leopard gecko (D:3)
  2 giant cockroaches
  4 goblins
  11 hobgoblins
  8 jackals
  4 kobolds
  2 quokkas (D:3)
  A ball python (D:3)
  11 bats
  A frilled lizard (D:1)
  11 rats
64 creatures vanquished.

Vanquished Creatures (others)
  An orc (D:3)
  A rat (D:1)
2 creatures vanquished.

Grand Total: 66 creatures vanquished

Notes
Turn   | Place    | Note
-------+----------+-------------------------------------------
     0 | D:1      | Sondor the Demonspawn Chaos Knight began the quest for the
                  | Orb.
     0 | D:1      | Reached XP level 1. HP: 18/18 MP: 1/1
   122 | D:1      | Gained mutation: You have a pair of small horns on your
                  | head. [demonic ancestry]
   122 | D:1      | Reached XP level 2. HP: 23/24 MP: 2/2
   317 | D:1      | Reached skill level 1 in Dodging
   493 | D:1      | XOM: give mutations
   493 | D:1      | Gained mutation: You are frail. (-10% HP) [Xom's mischief]
   493 | D:1      | Gained mutation: You are somewhat resistant to further
                  | mutation. [Xom's mischief]
   493 | D:1      | Gained mutation: Scrolls take you a little longer to read.
                  | [Xom's mischief]
   493 | D:1      | Gained mutation: You occasionally shout uncontrollably at
                  | your foes. [Xom's mischief]
   633 | D:2      | Gained mutation: You are partially covered in large bone
                  | plates. (SH +4) [demonic ancestry]
   633 | D:2      | Reached XP level 3. HP: 24/26 MP: 3/3
  1034 | D:2      | Reached XP level 4. HP: 20/32 MP: 4/4
  1221 | D:2      | Found a burning altar of Makhleb.
  1949 | D:3      | Found a bloodstained altar of Trog.
  2244 | D:3      | Noticed a shapeshifter
  2244 | D:3      | a ball python changed into a shapeshifter
  2244 | D:3      | Noticed a troll
  2244 | D:3      | a shapeshifter changed into a troll
  2248 | D:3      | Slain by a troll (shapeshifter)

Skill      XL: |  1  2 |
---------------+-------+-----
Armour         | 2 |  2.4
Long Blades    | 3 |  3.9
Dodging        | 1 |  1.6
Fighting       | |  3.6
Stealth        | |  0.5
Shields        | |  0.1

Action                   |  1- 3 |  4- 6 || total
-------------------------+-------+-------++-------
Melee: Falchion          |    79 |    83 ||   162
       Headbutt          |     8 |    21 ||    29
  Use: Scroll            |       |     5 ||     5
 Stab: Sleeping          |     1 |       ||     1
  Eat: Chunk             |       |     4 ||     4
Armor: Leather armour    |    28 |    22 ||    50
Dodge: Dodged            |    40 |    52 ||    92
Block: Other             |     5 |       ||     5
       Buckler           |       |    28 ||    28
       Rpst.: Falchion   |    13 |    12 ||    25
